AoeStats
← ToninMarvado

Arabia

509984587Analyzed
1v1 RM · 2d ago on Sep 28, 2026· 53m 1s· 2 players
Game mode
Random Map
Map size
Tiny (2 player)
Population
200
Speed
Normal
Resources
Standard
Victory
Conquest
Starting age
Dark Age
Ending age
Imperial Age
RankedLock teamsTeams togetherTeam positionsShared explorationLock speedFull tech treeHidden civsTurbo modeCheats
Victory
Defeat
🇧🇷 Varangians · Brazil
1194
+17
🇦🇷 Persians · Argentina
1209
-17
ToninMarvado
7:56 Loom
10:13 Feudal Age
10:57 Double-Bit Axe
14:17 Bloodlines
17:57 Scale Barding Armor
19:05 Forging
23:32 Castle Age
22:21 Horse Collar
22:34 Gold Mining
23:44 Wheelbarrow
23:22 Padded Archer Armor
23:24 Stone Mining
23:56 Light Cavalry
25:47 Iron Casting
26:51 Husbandry
28:32 Scale Mail Armor
28:48 Leather Archer Armor
29:07 Pikeman
30:01 Squires
33:06 Heavy Plow
33:44 Bow Saw
34:28 Chain Mail Armor
37:40 Imperial Age
37:32 Stone Shaft Mining
37:42 Cavalier
39:25 Blast Furnace
37:51 Halberdier
39:20 Crop Rotation
38:48 Town Watch
40:47 Man-at-Arms
42:54 Chain Barding Armor
42:51 Chain Mail Armor
43:07 Ring Archer Armor
42:27 Fletching
46:04 Plate Mail Armor
46:20 Elite Jarl
47:49 Bodkin Arrow
49:03 Bracer
50:54 Plate Barding Armor
52:50 Hussar
PNAL | juansombl
6:35 Loom
9:17 Feudal Age
11:31 Double-Bit Axe
12:25 Fletching
14:43 Horse Collar
21:03 Castle Age
20:18 Scale Barding Armor
20:25 Bloodlines
20:28 Forging
20:29 Gold Mining
21:58 Husbandry
25:35 Chain Barding Armor
29:06 Iron Casting
32:43 Bodkin Arrow
33:56 Parthian Tactics
34:23 Thumb Ring
35:03 Padded Archer Armor
37:21 Bow Saw
40:40 Imperial Age
39:11 Stone Mining
39:40 Leather Archer Armor
42:47 Chemistry
42:08 Ballistics
46:10 Conscription
47:44 Heavy Camel Rider
50:56 Plate Barding Armor
Connection lost

Rejoining the realm…

Still unreachable

The connection could not be restored.

Session expired

The server has moved on; the page needs a fresh start.